 Dungeon Crawl Stone Soup version 0.16-a0-2979-g562a0a4 (console) character file.

64739 nht the Black Belt (level 15, 0/80 HPs)
             Began as a Merfolk Transmuter on Dec 5, 2014.
             Was a Plaything of Xom.
             Slain by a wolf spider (17 damage)
             ... on level 4 of the Orcish Mines.
             The game lasted 01:01:46 (24565 turns).

nht the Black Belt (Merfolk Transmuter)            Turns: 24565, Time: 01:01:46

Health: 0/80       AC: 14    Str: 13      XL:     15   Next: 14%
Magic:  28/31      EV: 19    Int: 16 (17) God:    Xom [....*.]
Gold:   1404       SH:  0    Dex: 13 (14) Spells: 6 memorised, 8 levels left

rFire  + . .     SeeInvis +       - Unarmed
rCold  . . .     Clarity  +     P - +0 troll leather armour {Snorg}
rNeg   + . .     SustAb   .     (shield currently unavailable)
rPois  .         Gourm    .     (helmet restricted)
rElec  .         Spirit   .     v - +0 cloak {+Inv}
rCorr  .         Warding  .     M - melded +0 pair of gloves {archery}
rMut   .         Stasis   .     g - +3 pair of boots "Sattanun" {Slay+3}
MR     +....                    f - amulet of faith
Stlth  ++........               X - ring of Shadows {Umbra +Inv rN+ SInv}
                                p - +3 ring of protection

@: blade hands, wreathed by umbra, somewhat resistant to hostile enchantments,
unstealthy
A: change form in water, swift swim, claws 1, horns 1, repulsion field 1, icy
blue scales 1, molten scales 1, blink 1, breathe flames 1, clarity,
deterioration 1, fire resistance 1, frail 3, high mp 1, wild magic 1
a: End Transformation, Blink, Renounce Religion, Breathe Fire, Evoke
Invisibility


You were on level 4 of the Orcish Mines.
You worshipped Xom.
You were a beloved toy of Xom.
You were hungry.
You had blades for hands.
You visited 3 branches of the dungeon, and saw 21 of its levels.
You also visited: Bailey and Volcano.

You collected 2896 gold pieces.
You spent 1492 gold pieces at shops.

Inventory:

Hand weapons
 l - the +3 quarterstaff "Poudaam" {pain, rPois}
   (You found it on level 4 of the Dungeon)

   In the hands of one skilled in necromantic magic, it inflicts extra damage on
   living creatures.
   It protects you from poison.
Missiles
 d - 2 tomahawks of returning
 x - 11 tomahawks (quivered)
Armour
 g - the +3 pair of boots "Sattanun" (worn) {Slay+3}
   (You bought it in a shop on level 3 of the Orcish Mines)

   It affects your accuracy and damage with ranged weapons and melee attacks
   (+3).
 v - a +0 cloak of invisibility (worn)
 M - a +0 pair of gloves of archery (melded)
 P - a +0 troll leather armour (worn) {Snorg}
 Y - a +2 helmet of fire resistance
Jewellery
 f - an amulet of faith (around neck)
 p - a +3 ring of protection (left scythe-like blade)
 y - an uncursed ring of protection from cold
 L - an uncursed ring of protection from magic
 X - the ring of Shadows (right scythe-like blade) {Umbra +Inv rN+ SInv}
   (You found it on level 8 of the Lair of Beasts)

   [ring of invisibility]

   It protects you from negative energy.
   It enhances your eyesight.
   It lets you turn invisible.
Magical devices
 s - a wand of teleportation (5)
 u - a wand of digging (24)
 w - a wand of slowing (0)
 B - a wand of digging (9)
 C - a wand of digging (17)
 H - a wand of heal wounds (5)
 I - a wand of invisibility (3)
 N - a wand of digging (12)
 O - a wand of magic darts (0)
 U - a wand of disintegration (14)
Scrolls
 h - 9 scrolls of identify
 j - 9 scrolls of remove curse
 n - 6 scrolls of amnesia
 t - 2 scrolls of blinking
 D - a scroll of fog
 G - a scroll of recharging
 J - 2 scrolls of enchant armour
 T - 3 scrolls of magic mapping
Potions
 e - a potion of cancellation
 q - 3 potions of curing
 r - 5 potions of restore abilities
 z - 3 potions of resistance
Books
 A - a book of Minor Magic

   Spells                             Type                      Level
   a - Magic Dart                     Conjuration                  1
   b - Blink                          Translocation                2
   c - Call Imp                       Summoning                    2
   d - Repel Missiles                 Charms/Air                   2
   e - Slow                           Hexes                        2
   f - Conjure Flame                  Conjuration/Fire             3
   g - Mephitic Cloud                 Conjuration/Poison/Air       3
 E - a book of Geomancy

   Spells                             Type                      Level
   a - Sandblast                      Earth                        1
   b - Stoneskin                      Transmutation/Earth          2
   c - Passwall                       Transmutation/Earth          3
   d - Stone Arrow                    Conjuration/Earth            3
   e - Petrify                        Transmutation/Earth          4
   f - Lee's Rapid Deconstruction     Earth                        5
Miscellaneous
 c - a box of beasts {used: 5}
 k - a fan of gales
 Q - a box of beasts
 S - a sack of spiders {used: 5}
Comestibles
 a - 5 bread rations
 i - a slice of pizza
 m - 8 beef jerkies
 o - 8 fruits
 F - 8 meat rations


   Skills:
 + Level 10.1 Fighting
 + Level 1.1 Throwing
 - Level 11.4 Dodging
 * Level 18.6 Unarmed Combat
 + Level 7.2 Spellcasting
 + Level 8.0 Charms
 - Level 13.4 Transmutations


You had 8 spell levels left.
You knew the following spells:

 Your Spells              Type           Power        Failure   Level  Hunger
a - Blade Hands           Trmt           ######....   30%         5    #####..
b - Spider Form           Trmt/Pois      #####.....   34%         3    ##.....
c - Flight                Chrm/Air       ####......   61%         3    ##.....
d - Ice Form              Ice/Trmt       #####...     61%         4    ####...
e - Repel Missiles        Chrm/Air       ####..       47%         2    None
r - Regeneration          Chrm/Necr      ####......   61%         3    ##.....


Dungeon Overview and Level Annotations

Branches:
Dungeon (9/15)             Temple (0/1) D:7            Lair (8/8) D:9
 Shoals (0/5) Lair:6       Spider (0/5) Lair:5        Slime (0/6) Lair:8
    Orc (4/4) D:9             Elf (0/3) Orc:4

Altars:
Ashenzari
Cheibriados
Fedhas
Qazlal
Ru
Trog
Vehumet
Xom
Beogh
Jiyva

Shops:
D:5 (   Orc:1 =*?   Orc:3 %}[*(   Orc:4 [:(*

Annotations:
Lair:3 exclusion: oklob plant
Lair:6 Rupert


Innate Abilities, Weirdness & Mutations

You revert to your normal form in water.
You are very nimble and swift while swimming.
You have sharp fingernails.
You have a pair of small horns on your head.
You are surrounded by a mild repulsion field (EV +2).
You are partially covered in icy blue scales (AC +1).
You are partially covered in molten scales (AC +1).
You can translocate small distances at will.
You can breathe flames.
You possess an exceptional clarity of mind.
Your body is slowly deteriorating.
Your flesh is heat resistant.
You are extremely frail (-30% HP).
You have an increased reservoir of magic (+10% MP).
Your spells are a little harder to cast, but a little more powerful.


Message History

The wolf spider bites you but does no damage.
The orc wizard gestures wildly while chanting.
The orc wizard flickers and vanishes for a moment.
The redback bites you. The wolf spider hits you.
* * * LOW HITPOINT WARNING * * *
The wolf spider bites you.
* * * LOW HITPOINT WARNING * * *
Drink which item? (? for menu, Esc to quit)
You feel better. The redback misses you. The wolf spider hits you.
The wolf spider bites you but does no damage.
The redback bites you!
* * * LOW HITPOINT WARNING * * *
Evoke which item? (* to show all) (? for menu, Esc to quit)
Okay, then.
Drink which item? (? for menu, Esc to quit)
Okay, then.
The wolf spider hits you!
You die...
Xom laughs nastily! o o . hoos o.^ o ..^^. ####.██████ ........s.██ .........o..█ .........o█s█ ..█.......s.██ █████

██ ██.......@.█ ████...██
███.███.......███ ██.█.....█
██...█.█......██ █.......██
█..............█ ██....███
██..........█.██ ███.█.....██
█ ██.......[..█..█
██..........█ █
█.......)███.█████....█.....██
█ █.....).)█ ██
██.█..██.....█████ █........█,
█...).........██.█ █......†)██
██.██..█.█......(. █.██.....)█
██.█..........█.(█


You could see a wolf spider, a redback, an orc wizard (invisible) and an orc.

Vanquished Creatures
  An acid blob (shapeshifter) (Orc:4)
  An orc warlord (Orc:4)
  An ettin (Orc:4)
  Snorg (Lair:6)
  3 hydras
  12 death yaks (Lair:8)
  4 orc high priests (Orc:4)
  Urug (Orc:2)
  3 catoblepae (Lair:8)
  5 orc knights
  A griffon (Lair:7)
  An orc sorcerer (Orc:1)
  6 elephants (Lair:7)
  3 black mambas
  3 torpor snails
  A molten gargoyle (Volcano)
  A gargoyle (Volcano)
  16 spiny frogs
  8 komodo dragons
  5 fire drakes
  3 trolls
  Sonja (Orc:2)
  2 fire vortices
  A boulder beetle (Lair:8)
  The ghost of braks the Caller, an average TeSu (D:4)
  19 blink frogs
  A snapping turtle (Lair:6)
  2 basilisks
  A spriggan (Lair:7)
  A fire elemental (Volcano)
  46 yaks
  12 hippogriffs
  2 wargs (Orc:4)
  11 wolves
  A hungry ghost (D:9)
  A deep elf fighter (D:9)
  2 vampire mosquitoes (D:9)
  Edmund (D:5)
  Menkaure (D:4)
  3 small abominations (Volcano)
  12 water moccasins
  28 orc warriors
  10 porcupines
  4 phantoms
  A necrophage (D:7)
  8 ogres
  8 spiders (Lair:5)
  2 ice beasts
  2 sky beasts
  A black bear (D:9)
  14 crocodiles
  2 centaurs (D:6)
  Sigmund (D:6)
  Duvessa (D:6)
  2 big kobolds
  A gnoll sergeant (D:6)
  16 giant frogs
  2 scorpions
  A troll zombie (D:9)
  A killer bee (D:5)
  A water moccasin skeleton (D:5)
  An electric eel (Lair:6)
  3 wights (D:8)
  A goliath beetle (D:8)
  A quasit (Lair:8)
  Dowan (D:6)
  3 crimson imps
  A centaur skeleton (D:7)
  2 iron imps
  17 orc priests
  A giant frog skeleton (D:5)
  10 jellies
  2 gnoll shamans (D:6)
  8 hounds
  17 orc wizards
  5 iguanas
  2 worker ants (D:9)
  22 sheep
  A killer bee zombie (D:9)
  6 ogre zombies (D:9)
  A sheep (shapeshifter) (Lair:3)
  A hound skeleton (D:5)
  6 gnolls (D:6)
  A worm zombie (D:5)
  8 adders
  51 river rats
  3 white imps (Lair:7)
  3 worms
  9 shadow imps
  An ufetubus (Lair:2)
  An adder zombie (D:8)
  5 oozes (Lair:3)
  105 orcs
  A bat zombie (D:5)
  8 giant cockroaches
  16 hobgoblins
  5 jackals
  19 kobolds
  15 quokkas
  2 ball pythons
  22 bats
  4 giant geckos
  A giant gecko skeleton (D:5)
  6 giant newts
  22 goblins
  2 goblin skeletons (D:9)
  2 goblin zombies (D:9)
  2 hobgoblin skeletons (D:9)
  3 hobgoblin zombies (D:9)
  2 jackal zombies
  2 orc skeletons (D:9)
  15 orc zombies
  23 rats
  2 ballistomycetes
  A fungus (Orc:4)
  2 plants (Lair:8)
783 creatures vanquished.

Vanquished Creatures (collateral kills)
  A hydra (Lair:1)
  A black mamba (Lair:3)
  4 blink frogs
  Prince Ribbit (D:6)
  5 yaks
  2 vampire mosquitoes (D:9)
  A gnoll sergeant (D:6)
  A wyvern skeleton (D:9)
  2 jellies (Lair:3)
  An orc wizard (D:6)
  2 sheep (Lair:3)
  2 gnolls (D:6)
  A white imp (Lair:2)
  4 oozes (Lair:3)
  2 orcs (Bailey)
  A bat (D:9)
  2 hobgoblins (D:6)
33 creatures vanquished.

Vanquished Creatures (others)
  A dancing weapon (Orc:4)
  A black mamba (Lair:3)
  A chaos spawn (Lair:8)
  A warg (Lair:6)
  5 spiders
  An orc warrior (Orc:4)
  A crocodile (Lair:8)
  A crimson imp (Lair:7)
  A quasit (Orc:4)
  4 chimeras
  3 white imps (Lair:8)
  A river rat (Lair:8)
  4 shadow imps
  2 giant mites (Orc:4)
  2 orcs
  2 giant spores
  A bush (Lair:8)
  2 butterflies (Lair:8)
  9 fungi
  3 plants
46 creatures vanquished.

Grand Total: 862 creatures vanquished

Notes
Turn   | Place    | Note
--------------------------------------------------------------
     0 | D:1      | nht, the Merfolk Transmuter, began the quest for the Orb.
     0 | D:1      | Reached XP level 1. HP: 15/15 MP: 3/3
    78 | D:1      | Reached XP level 2. HP: 5/21 MP: 2/4
   761 | D:2      | Found a stormy altar of Qazlal.
   820 | D:2      | Reached XP level 3. HP: 23/26 MP: 4/6
   874 | D:2      | Reached skill level 4 in Unarmed Combat
  1114 | D:2      | Found a blossoming altar of Fedhas.
  1133 | D:2      | Found a shimmering altar of Xom.
  1134 | D:2      | Found a bloodstained altar of Trog.
  1135 | D:2      | Found a shattered altar of Ashenzari.
  1154 | D:2      | Became a worshipper of Xom of Gnomic Intent
  1391 | D:2      | XOM: cast spell 'Statue Form'
  1487 | D:2      | XOM: give mutation
  1487 | D:2      | Gained mutation: Armour fits poorly on your strangely shaped body. [Xom's mischief]
  1538 | D:2      | XOM: vitrification
  1544 | D:2      | XOM: enchant monster (bad)
  1674 | D:2      | Learned a level 3 spell: Spider Form
  1700 | D:3      | Reached XP level 4. HP: 18/32 MP: 7/7
  2216 | D:3      | XOM is BORED!
  2216 | D:3      | XOM: mild Ice miscast
  2486 | D:4      | Noticed braks' ghost (average TeSu)
  2486 | D:4      | XOM: enchant monster (bad)
  2488 | D:4      | XOM: blink monster(s)
  2502 | D:4      | XOM: blink monster(s)
  2515 | D:4      | XOM: 8-stop teleportation journey
  2552 | D:4      | Noticed a giant frog
  2553 | D:4      | XOM: medium Ice miscast
  2556 | D:4      | XOM: chaos cloud
  2593 | D:3      | XOM: mild Conj miscast
  2806 | D:4      | Killed a giant frog
  2806 | D:4      | Reached skill level 5 in Unarmed Combat
  2806 | D:4      | Reached skill level 5 in Transmutations
  2806 | D:4      | Reached XP level 5. HP: 26/37 MP: 0/9
  2888 | D:5      | Entered Level 5 of the Dungeon
  2924 | D:5      | XOM: mild Hex miscast
  3040 | D:5      | Reached XP level 6. HP: 11/43 MP: 6/10
  3049 | D:5      | Reached skill level 6 in Unarmed Combat
  3101 | D:5      | Noticed Edmund
  3101 | D:5      | Noticed a sky beast
  3111 | D:5      | Killed a sky beast
  3226 | D:4      | XOM: harmless Summ miscast
  3301 | D:5      | XOM: enchant monster (bad)
  3313 | D:5      | XOM: enchant monster (good)
  3365 | D:4      | XOM: silly message
  3366 | D:4      | Noticed Menkaure
  3374 | D:4      | XOM: confusion
  3552 | D:3      | XOM: colour smoke trail
  3554 | D:4      | XOM: god gift: scroll of amnesia
  3626 | D:4      | Killed Menkaure
  3626 | D:4      | Reached skill level 7 in Unarmed Combat
  3626 | D:4      | Reached XP level 7. HP: 22/48 MP: 9/12
  3630 | D:4      | XOM: summons friendly shadow imp
  3816 | D:3      | Learned a level 5 spell: Blade Hands
  3846 | D:4      | XOM: divination: magic mapping
  3857 | D:4      | Killed braks' ghost
  3857 | D:4      | Reached skill level 8 in Unarmed Combat
  3953 | D:4      | Got a fine quarterstaff
  3958 | D:4      | Identified the cursed +3 quarterstaff "Poudaam" {pain, rPois} (You found it on level 4 of the Dungeon)
  4262 | D:4      | XOM: noise
  4501 | D:4      | XOM: confuse monster(s)
  4506 | D:4      | XOM: divination: detect creatures
  4510 | D:4      | Reached XP level 8. HP: 54/54 MP: 8/13
  4549 | D:5      | XOM: chaos cloud
  4556 | D:5      | Killed Edmund
  4579 | D:5      | XOM: divination: magic mapping
  4585 | D:5      | Reached skill level 9 in Unarmed Combat
  4613 | D:5      | Noticed an ice beast
  4644 | D:5      | XOM: enchant monster (bad)
  4645 | D:5      | Killed an ice beast
  4751 | D:5      | Found Nias' Antique Weapon Shoppe.
  4943 | D:5      | XOM: noise
  4957 | D:5      | XOM: give mutations
  4957 | D:5      | Gained mutation: You are weak. (Str -2) [Xom's mischief]
  4957 | D:5      | Gained mutation: You are dopey. (Int -2) [Xom's mischief]
  4957 | D:5      | Lost mutation: You are weak. (Str -2) [Xom's mischief]
  4957 | D:5      | Gained mutation: Your spells are a little easier to cast, but a little less powerful. [Xom's mischief]
  4959 | D:5      | Noticed an ogre
  5001 | D:5      | XOM: smoke on damage
  5004 | D:5      | Killed an ogre
  5291 | D:5      | XOM: stat loss: -1 Int (11/12)
  5293 | D:6      | Noticed Duvessa
  5293 | D:6      | Noticed Dowan
  5297 | D:6      | XOM: repel stairs
  5304 | D:6      | Killed Dowan
  5310 | D:6      | Killed Duvessa
  5310 | D:6      | Reached skill level 10 in Unarmed Combat
  5388 | D:6      | Got a steaming scale mail
  5549 | D:6      | Reached XP level 9. HP: 53/59 MP: 4/14
  5550 | D:6      | XOM: enchant monster (bad)
  5604 | D:6      | Found a radiant altar of Vehumet.
  5604 | D:6      | XOM: 5-stop teleportation journey
  5636 | D:6      | Noticed Sigmund
  5642 | D:6      | Killed Sigmund
  5699 | D:6      | XOM: colour smoke trail
  5711 | D:6      | Identified the +3 scale mail of Afia {rF+} (You found it on level 6 of the Dungeon)
  6004 | D:6      | XOM: colour smoke trail
  6108 | D:6      | Reached skill level 11 in Unarmed Combat
  6119 | D:6      | XOM: chaos cloud
  6136 | D:6      | XOM: give mutations
  6136 | D:6      | Gained mutation: You are partially covered in molten scales (AC +1). [Xom's grace]
  6136 | D:6      | Gained mutation: You are partially covered in icy blue scales (AC +1). [Xom's grace]
  6164 | D:6      | XOM: god gift: box of beasts
  6179 | D:6      | Noticed Prince Ribbit
  6341 | D:6      | Killed Prince Ribbit
  6385 | D:6      | XOM: vitrification
  6435 | D:6      | XOM: vitrification
  6562 | D:7      | XOM: 6-stop teleportation journey
  6610 | D:7      | Found a sacrificial altar of Ru.
  6613 | D:7      | XOM: fog
  6713 | D:7      | XOM: god gift: 3 tomahawks of returning
  6727 | D:7      | Reached skill level 10 in Transmutations
  6745 | D:7      | Identified a scroll of acquirement
  6767 | D:7      | Reached skill level 12 in Unarmed Combat
  6894 | D:7      | XOM: vitrification
  7098 | D:7      | Found a staircase to the Ecumenical Temple.
  7265 | D:8      | XOM: give mutations
  7265 | D:8      | Gained mutation: You have a pair of small horns on your head. [Xom's grace]
  7265 | D:8      | Gained mutation: You are surrounded by a mild repulsion field (EV +2). [Xom's grace]
  7265 | D:8      | Gained mutation: You have a pair of horns on your head. [Xom's grace]
  7328 | D:8      | XOM: enchant monster (good)
  7342 | D:8      | Reached XP level 10. HP: 65/65 MP: 0/16
  7473 | D:8      | XOM: god gift: dog-eared paperback book {god gift}
  7844 | D:9      | Found a flagged portal.
  7844 | D:9      | XOM: 1-stop teleportation journey
  7854 | Bailey   | Entered a bailey
  7859 | Bailey   | XOM: divination: detect creatures
  7914 | D:9      | XOM: god gift: 50 gold pieces
  8040 | D:9      | XOM: divination: magic mapping
  8046 | D:9      | Reached skill level 13 in Unarmed Combat
  8071 | D:9      | XOM: swap monsters
  8202 | D:9      | XOM: 2-stop teleportation journey
  8211 | D:9      | XOM: enchant monster (good)
  8213 | D:9      | XOM: smoke on damage
  8214 | D:9      | XOM: confuse monster(s)
  8277 | D:9      | Found a snail-covered altar of Cheibriados.
  8290 | D:9      | XOM: silly message
  8351 | D:9      | XOM: harmless Chrm miscast
  8435 | D:9      | Found a staircase to the Lair.
  8436 | D:9      | XOM: divination: detect creatures
  8592 | D:9      | Found a staircase to the Orcish Mines.
  8602 | D:9      | XOM: confuse monster(s)
  8638 | D:9      | XOM: potion effect (berserk rage)
  8656 | D:9      | XOM: potion effect (magic)
  8887 | D:9      | XOM: harmless Summ miscast
  9012 | D:9      | XOM: divination: detect items
  9025 | D:9      | XOM: cast spell 'Flight'
  9174 | D:9      | XOM: harmless Pois miscast
  9201 | Lair:1   | Entered Level 1 of the Lair of Beasts
  9251 | Lair:1   | Reached skill level 14 in Unarmed Combat
  9309 | Lair:1   | Noticed a four-headed hydra
  9313 | Lair:1   | XOM: harmless Conj miscast
  9375 | Lair:1   | Reached XP level 11. HP: 70/72 MP: 8/17
  9378 | Lair:1   | XOM: give mutations
  9378 | Lair:1   | Lost mutation: Your spells are a little easier to cast, but a little less powerful. [Xom's mischief]
  9378 | Lair:1   | Gained mutation: Your spells are a little easier to cast, but a little less powerful. [Xom's mischief]
  9504 | Lair:1   | XOM: mild Conj miscast
  9547 | Lair:1   | XOM: enchant monster (good)
  9561 | Lair:1   | XOM: destruction
  9566 | Lair:1   | XOM: confuse monster(s)
  9573 | Lair:1   | XOM: swap monsters
  9575 | Lair:1   | XOM: summons 11 friendly demons
  9577 | Lair:1   | Killed a four-headed hydra
  9738 | Lair:1   | XOM: enchant monster (good)
  9765 | Lair:1   | XOM: harmless Chrm miscast
  9778 | Lair:1   | Reached skill level 5 in Dodging
  9913 | Lair:1   | XOM: fake destruction
 10148 | Lair:2   | XOM: summons friendly shadow imp
 10166 | Lair:2   | XOM: summons 3 friendly demons
 10167 | Lair:2   | XOM: swap monsters
 10172 | Lair:2   | XOM: polymorph ufetubus -> shadow imp
 10178 | Lair:2   | Reached skill level 15 in Unarmed Combat
 10193 | Lair:2   | XOM: vitrification
 10217 | Lair:2   | XOM: summons 11 friendly demons
 10330 | Lair:2   | XOM: destruction
 10401 | Lair:2   | XOM: cast spell 'Call Canine Familiar'
 10438 | Lair:2   | XOM: vitrification
 10552 | Lair:2   | XOM: harmless Trmt miscast
 10673 | Lair:2   | XOM: summons 2 hostile demons
 10766 | Lair:2   | XOM: silly message
 10855 | Lair:2   | XOM: medium Fire miscast
 10856 | Lair:2   | XOM: silly message
 10896 | Lair:3   | Reached skill level 5 in Fighting
 10899 | Lair:3   | XOM: 6-stop teleportation journey
 10901 | Lair:3   | XOM: divination: magic mapping
 10906 | Lair:3   | XOM: divination: detect creatures
 10923 | Lair:3   | Reached XP level 12. HP: 79/86 MP: 10/18
 11136 | Lair:3   | XOM: noise
 11251 | Lair:3   | Found a dark tunnel.
 11260 | Volcano  | Entered a volcano
 11395 | Volcano  | XOM: medium Tloc miscast
 11403 | Volcano  | XOM: cast spell 'Discord'
 11512 | Volcano  | XOM: medium Summ miscast
 11721 | Lair:3   | XOM: confusion (+ monsters)
 11725 | Lair:3   | XOM: chaos cloud
 11736 | Lair:3   | XOM: harmless Tloc miscast
 11737 | Lair:3   | XOM: summons friendly shadow imp
 11738 | Lair:3   | Paralysed by you for 5 turns
 11748 | Lair:3   | XOM: confusion (+ monsters)
 11750 | Lair:3   | XOM: chaos cloud
 11780 | Lair:3   | XOM: medium Conj miscast
 12081 | Lair:3   | XOM: give mutation
 12081 | Lair:3   | Gained mutation: You are very dopey. (Int -4) [Xom's mischief]
 12143 | Lair:3   | Learned a level 3 spell: Regeneration
 12261 | Lair:4   | XOM: summons friendly crimson imp
 12277 | Lair:4   | Learned a level 3 spell: Flight
 12398 | Lair:4   | XOM: mild Erth miscast
 12461 | Lair:4   | XOM: harmless Tloc miscast
 12464 | Lair:4   | Reached skill level 1 in Charms
 12524 | Lair:4   | Reached skill level 16 in Unarmed Combat
 12625 | Lair:4   | XOM: mild Divn miscast
 12697 | Lair:4   | XOM: cast spell 'Spider Form'
 12768 | Lair:4   | XOM: medium Necr miscast
 13343 | Lair:5   | XOM: noise
 13364 | Lair:5   | XOM: noise
 13365 | Lair:5   | Found a hole to the Spider Nest.
 13372 | Lair:5   | XOM: divination: detect creatures
 13405 | Lair:5   | Got a steaming chain mail
 13431 | Lair:5   | XOM: silly message
 13444 | Lair:4   | Identified the +4 chain mail of Peyral {rPois Stlth+} (You found it on level 5 of the Lair of Beasts)
 13634 | Lair:5   | XOM: harmless Pois miscast
 13748 | Lair:5   | XOM: harmless Divn miscast
 13769 | Lair:5   | XOM: potion effect (magic)
 13857 | Lair:5   | XOM: harmless Trmt miscast
 13985 | Lair:5   | XOM: potion effect (curing)
 14222 | Lair:5   | XOM: harmless Tloc miscast
 14290 | Lair:6   | Noticed a seven-headed hydra
 14346 | Lair:6   | Reached XP level 13. HP: 96/96 MP: 15/22
 14389 | Lair:6   | Noticed Snorg
 14398 | Lair:6   | XOM: smoke on damage
 14399 | Lair:6   | Killed Snorg
 14504 | Lair:6   | XOM: divination: detect creatures
 14513 | Lair:6   | XOM: potion effect (invisibility)
 14517 | Lair:6   | Killed a seven-headed hydra
 14662 | Lair:6   | XOM: potion effect (haste)
 14669 | Lair:6   | XOM: cast spell 'Call Canine Familiar'
 14717 | Lair:6   | XOM: confuse monster(s)
 14731 | Lair:6   | Noticed Rupert
 14731 | Lair:6   | XOM: swap monsters
 14757 | Lair:6   | Found a staircase to the Shoals.
 14779 | Lair:6   | Paralysed by Rupert for 7 turns
 14782 | Lair:6   | XOM: summons friendly quasit
 14814 | Lair:6   | XOM: harmless Divn miscast
 14869 | Lair:6   | XOM: cast spell 'Spider Form'
 14873 | Lair:6   | XOM: harmless Tloc miscast
 14878 | Lair:6   | XOM: noise
 14899 | Lair:6   | XOM: potion effect (berserk rage)
 14953 | Lair:6   | XOM: silly message
 15071 | Lair:6   | XOM: confuse monster(s)
 15166 | Lair:6   | XOM: colour smoke trail
 15234 | Lair:7   | XOM: summons friendly crimson imp
 15245 | Lair:7   | XOM: cast spell 'Stoneskin'
 15250 | Lair:7   | XOM: confuse monster(s)
 15280 | Lair:7   | XOM: mild Summ miscast
 15282 | Lair:7   | XOM: silly message
 15573 | Lair:7   | XOM: enchant monster (bad)
 15625 | Lair:7   | XOM: destruction
 15766 | Lair:7   | XOM: summons 3 friendly demons
 15802 | Lair:7   | XOM: polymorph blink frog -> spriggan
 15803 | Lair:7   | Reached skill level 17 in Unarmed Combat
 15804 | Lair:7   | Reached skill level 5 in Charms
 15818 | Lair:7   | XOM: blink monster(s)
 15821 | Lair:7   | XOM: destruction
 15825 | Lair:7   | XOM: confusion
 15956 | Lair:7   | XOM: medium Trmt miscast
 15971 | Lair:7   | XOM: god gift: 3 needles of slowing
 15982 | Lair:7   | Lost mutation: You have a pair of horns on your head. [mutagenic glow]
 16048 | Lair:7   | XOM: scenery: create altars
 16071 | Lair:7   | XOM: mild Hex miscast
 16162 | Lair:7   | Reached skill level 5 in Spellcasting
 16264 | Lair:7   | XOM: enchant monster (good)
 16296 | Lair:7   | XOM: divination: detect creatures
 16381 | Lair:7   | XOM: cast spell 'Metabolic Englaciation'
 16428 | Lair:7   | Reached skill level 10 in Dodging
 16532 | Lair:7   | XOM: vitrification
 16564 | Lair:7   | XOM: god gift: fan of gales
 16605 | Lair:7   | XOM: summons friendly white imp
 16717 | Lair:8   | Entered Level 8 of the Lair of Beasts
 16771 | Lair:8   | XOM: swap monsters
 16891 | Lair:8   | XOM: enchant monster (good)
 16895 | Lair:8   | Found a viscous altar of Jiyva.
 16895 | Lair:8   | XOM: 1-stop teleportation journey
 16900 | Lair:8   | Found a staircase to the Slime Pits.
 16911 | Lair:8   | XOM: 2-stop teleportation journey
 16913 | Lair:8   | XOM: 3-stop teleportation journey
 16915 | Lair:8   | XOM: blink monster(s)
 16924 | Lair:8   | XOM: summons 3 friendly demons
 17253 | Lair:7   | XOM: silly message
 17421 | Lair:8   | XOM: give mutation
 17421 | Lair:8   | Lost mutation: You have a pair of small horns on your head. [Xom's mischief]
 17422 | Lair:8   | XOM: divination: detect creatures
 17426 | Lair:8   | XOM: silly message
 17428 | Lair:8   | XOM: smoke on damage
 17458 | Lair:8   | Reached XP level 14. HP: 18/106 MP: 20/26
 17472 | Lair:7   | XOM: harmless Trmt miscast
 17599 | Lair:7   | XOM: silly message
 17748 | Lair:8   | XOM: blink monster(s)
 17772 | Lair:8   | XOM: mild Hex miscast
 17988 | Lair:8   | XOM: give mutations
 17988 | Lair:8   | Gained mutation: Scrolls take you a little longer to read. [Xom's mischief]
 17988 | Lair:8   | Lost mutation: Scrolls take you a little longer to read. [Xom's mischief]
 17988 | Lair:8   | Gained mutation: You are frail (-10% HP). [Xom's mischief]
 18050 | Lair:8   | XOM: enchant monster (bad)
 18068 | Lair:8   | XOM: give mutations
 18068 | Lair:8   | Gained mutation: You are very frail (-20% HP). [Xom's mischief]
 18068 | Lair:8   | Lost mutation: You are very dopey. (Int -4) [Xom's mischief]
 18068 | Lair:8   | Gained mutation: You are extremely frail (-30% HP). [Xom's mischief]
 18145 | Lair:8   | XOM: potion effect (magic)
 18148 | Lair:8   | XOM: potion effect (berserk rage)
 18152 | Lair:8   | XOM: potion effect (agility)
 18214 | Lair:8   | XOM: harmless Summ miscast
 18272 | Lair:8   | Found a snail-covered altar of Cheibriados.
 18283 | Lair:8   | XOM: potion effect (curing)
 18285 | Lair:8   | XOM: potion effect (haste)
 18327 | Lair:7   | XOM: divination: detect creatures
 18707 | Lair:7   | XOM: harmless Necr miscast
 18732 | Lair:7   | XOM: summons 7 hostile demons
 19092 | Lair:8   | XOM: summons 3 hostile demons
 19331 | Lair:4   | Learned a level 4 spell: Ice Form
 19516 | Lair:8   | XOM: silly message
 19536 | Lair:8   | XOM: silly message
 19652 | Lair:8   | Got a smelly scale mail
 19692 | Lair:8   | Got a shimmering ring mail
 19801 | Lair:8   | XOM: harmless Summ miscast
 19862 | Lair:8   | XOM: harmless Divn miscast
 19886 | Lair:8   | XOM: potion effect (magic)
 19889 | Lair:8   | XOM: divination: detect creatures
 19896 | Lair:8   | XOM: potion effect (heal wounds)
 19920 | Lair:8   | XOM: harmless Chrm miscast
 19923 | Lair:8   | XOM: potion effect (heal wounds)
 19926 | Lair:8   | XOM: potion effect (magic)
 19926 | Lair:8   | XOM: butterfly on damage
 19932 | Lair:8   | Reached skill level 18 in Unarmed Combat
 19958 | Lair:8   | XOM: divination: detect creatures
 19994 | Lair:8   | Got a smoking shortbow
 19995 | Lair:8   | Identified the +5 shortbow "Twecw" {freeze, rF+} (You found it on level 8 of the Lair of Beasts)
 20071 | Lair:8   | XOM: harmless Necr miscast
 20371 | Lair:2   | XOM: harmless Tloc miscast
 20482 | Orc:1    | Entered Level 1 of the Orcish Mines
 20496 | Orc:1    | Found Caahol's General Store.
 20500 | Orc:1    | XOM: mild Fire miscast
 20572 | Orc:1    | XOM: give mutation
 20572 | Orc:1    | Lost mutation: Armour fits poorly on your strangely shaped body. [Xom's mischief]
 20579 | Orc:1    | Found Iblouk's Jewellery Shoppe.
 20590 | Orc:1    | Bought a scroll of identify for 24 gold pieces
 20590 | Orc:1    | Bought a potion of curing for 36 gold pieces
 20590 | Orc:1    | Bought a scroll of magic mapping for 42 gold pieces
 20701 | Orc:1    | XOM: 2-stop teleportation journey
 20751 | Orc:1    | XOM: give mutation
 20751 | Orc:1    | Gained mutation: Your body is slowly deteriorating. [Xom's mischief]
 20912 | Orc:1    | XOM: give mutation
 20912 | Orc:1    | Lost mutation: You are dopey. (Int -2) [Xom's mischief]
 21167 | Orc:2    | Noticed Sonja
 21221 | Orc:2    | XOM: enchant monster (good)
 21226 | Orc:2    | Noticed Urug
 21242 | Orc:2    | XOM: enchant monster (good)
 21257 | Orc:2    | Killed Urug
 21291 | Orc:2    | XOM: scenery: create altars
 21323 | Orc:2    | Killed Sonja
 21340 | Orc:2    | XOM: colour smoke trail
 21351 | Orc:2    | XOM: divination: detect items
 21444 | Orc:2    | XOM: fog
 21593 | Orc:1    | XOM: god gift: 11 poisoned arrows
 21608 | Orc:1    | Identified the +5 scale mail of Qeb Byuhomm {rF+} (You found it on level 8 of the Lair of Beasts)
 21618 | Orc:1    | Identified the cursed -1 ring mail of the Guilds {rF++} (You found it on level 8 of the Lair of Beasts)
 21656 | Orc:1    | XOM: vitrification
 21699 | Orc:2    | XOM: give mutation
 21699 | Orc:2    | Gained mutation: You can translocate small distances at will. [Xom's grace]
 21742 | Orc:2    | XOM: divination: detect creatures
 21983 | Orc:1    | Found Phaschuip's Magic Scroll Shoppe.
 21994 | Orc:1    | XOM: give mutation
 21994 | Orc:1    | Gained mutation: You can breathe flames. [Xom's grace]
 22028 | Orc:1    | Bought a scroll of torment for 90 gold pieces
 22028 | Orc:1    | Bought a scroll of identify for 24 gold pieces
 22028 | Orc:1    | Bought a scroll of magic mapping for 42 gold pieces
 22028 | Orc:1    | Bought a scroll of teleportation for 36 gold pieces
 22028 | Orc:1    | Bought a scroll of blinking for 90 gold pieces
 22128 | Orc:3    | Found Elen Ong's Armour Boutique.
 22142 | Orc:3    | XOM: destruction
 22154 | Orc:3    | Bought the +3 pair of boots "Sattanun" {Slay+3} for 547 gold pieces
 22170 | Orc:3    | XOM: god gift: 16 gold pieces
 22226 | Orc:3    | XOM: give mutations
 22226 | Orc:3    | Gained mutation: You have an increased reservoir of magic (+10% MP). [Xom's grace]
 22226 | Orc:3    | Gained mutation: You have sharp fingernails. [Xom's grace]
 22226 | Orc:3    | Lost mutation: Your spells are a little easier to cast, but a little less powerful. [Xom's grace]
 22230 | Orc:3    | XOM: 1-stop teleportation journey
 22247 | Orc:3    | Found Giujiud's Weapon Shop.
 22333 | Orc:3    | XOM: give mutations
 22333 | Orc:3    | Gained mutation: You possess an exceptional clarity of mind. [Xom's grace]
 22333 | Orc:3    | Gained mutation: Your spells are a little harder to cast, but a little more powerful. [Xom's grace]
 22333 | Orc:3    | Gained mutation: You have a pair of small horns on your head. [Xom's grace]
 22333 | Orc:3    | Gained mutation: Your flesh is heat resistant. [Xom's grace]
 22353 | Orc:3    | Found Cragymoh's Gadget Shoppe.
 22373 | Orc:3    | Found Thogyf's Food Shoppe.
 22566 | Orc:3    | Found Libb's General Store.
 22570 | Orc:3    | Learned a level 2 spell: Repel Missiles
 22654 | Orc:3    | XOM: god gift: forked copper wand {god gift}
 22732 | Orc:3    | XOM: summons friendly iron imp
 22798 | Orc:3    | XOM: god gift: cloak {god gift}
 22878 | Orc:4    | Entered Level 4 of the Orcish Mines
 22878 | Orc:4    | Found a roughly hewn altar of Beogh.
 22939 | Orc:4    | Found a staircase to the Elven Halls.
 22949 | Orc:4    | XOM: enchant monster (good)
 22982 | Orc:4    | XOM: divination: magic mapping
 23066 | Orc:4    | XOM: harmless Summ miscast
 23177 | Orc:4    | XOM: chaos cloud
 23178 | Orc:4    | Found Bromuem's Antique Armour Boutique.
 23186 | Orc:4    | XOM: enchant monster (good)
 23192 | Orc:4    | Found Houwon's Book Emporium.
 23193 | Orc:4    | Noticed an orc warlord
 23201 | Orc:4    | XOM: enchant monster (bad)
 23327 | Orc:4    | XOM: divination: magic mapping
 23377 | Orc:4    | Bought a pitted scale mail for 252 gold pieces
 23377 | Orc:4    | Bought a shadowed robe for 159 gold pieces
 23377 | Orc:4    | Bought a pair of glowing gloves for 126 gold pieces
 23412 | Orc:3    | Identified the +2 robe "Fyuvak" {Str+3 Dex+5} (You bought it in a shop on level 4 of the Orcish Mines)
 23422 | Orc:3    | Identified the cursed -4 scale mail of Shadows and Fog {rPois rN+ Str+2 Int+3} (You bought it in a shop on level 4 of the Orcish Mines)
 23560 | Orc:4    | XOM: confuse monster(s)
 23600 | Orc:4    | XOM: enchant monster (good)
 23657 | Orc:4    | Found Ghoe's Antique Weapon Shoppe.
 23719 | Orc:4    | XOM: noise
 23839 | Orc:4    | XOM: medium Erth miscast
 23842 | Orc:4    | Killed an orc warlord
 23933 | Orc:4    | Reached XP level 15. HP: 50/80 MP: 27/31
 23976 | Orc:4    | XOM: enchant monster (bad)
 23980 | Orc:4    | Reached skill level 10 in Fighting
 24046 | Orc:4    | XOM: divination: magic mapping
 24277 | Orc:4    | Noticed a stone giant
 24278 | Orc:4    | XOM: summons friendly quasit
 24289 | Orc:4    | XOM: blink monster(s)
 24292 | Orc:4    | XOM: divination: detect creatures
 24298 | Orc:4    | XOM: chaos cloud
 24303 | Orc:4    | Noticed a shadow dragon
 24303 | Orc:4    | a stone giant changed into a shadow dragon
 24303 | Orc:4    | XOM: polymorph stone giant -> shadow dragon
 24304 | Orc:4    | a shadow dragon changed into an iron troll
 24304 | Orc:4    | XOM: polymorph shadow dragon -> iron troll
 24311 | Orc:4    | Noticed a frost giant
 24311 | Orc:4    | an iron troll changed into a frost giant
 24317 | Orc:4    | Noticed an acid blob
 24317 | Orc:4    | a frost giant changed into an acid blob
 24321 | Orc:4    | Killed an acid blob
 24321 | Orc:4    | Reached skill level 1 in Throwing
 24360 | Orc:4    | Found Ohaliok's General Store.
 24364 | Orc:4    | XOM: colour smoke trail
 24369 | Orc:4    | Bought a scroll of identify for 24 gold pieces
 24441 | Orc:4    | XOM: harmless Ice miscast
 24565 | Orc:4    | Slain by a wolf spider

Action                   |  1- 3 |  4- 6 |  7- 9 | 10-12 | 13-15 || total
-------------------------+-------+-------+-------+-------+-------++-------
Melee: Unarmed           |   119 |   104 |   282 |   642 |   933 ||  2080
       Quarterstaff      |       |       |       |     1 |       ||     1
 Cast: Beastly Appendage |    29 |    11 |       |       |       ||    40
       Spider Form       |       |    10 |    18 |       |     1 ||    29
       Blade Hands       |       |       |    31 |   108 |   117 ||   256
       Regeneration      |       |       |       |       |     1 ||     1
       Ice Form          |       |       |       |       |     1 ||     1
Evoke: Box of beasts     |       |       |     1 |     5 |     3 ||     9
       Wand              |       |       |       |       |    19 ||    19
       Deck              |       |       |       |       |     7 ||     7
       Sack of spiders   |       |       |       |       |     6 ||     6
  Use: Potion            |       |     8 |     3 |     7 |    13 ||    31
       Scroll            |       |     4 |    10 |    11 |    14 ||    39
 Stab: Sleeping          |     1 |       |       |     1 |     2 ||     4
       Confused          |       |       |       |     4 |       ||     4
       Distracted        |       |       |       |     4 |     1 ||     5
       Petrified         |       |       |       |     1 |     4 ||     5
       Invisible         |       |       |       |       |     9 ||     9
  Eat: Chunk             |     2 |     7 |    28 |    53 |    75 ||   165
       Fruit             |       |     2 |       |    12 |     2 ||    16
       Royal jelly       |       |       |       |     1 |       ||     1
       Beef jerky        |       |       |       |     1 |       ||     1
